 Dungeon Crawl Stone Soup version 0.31-a0-881-ge136f0c47a (webtiles) character file.

Game seed: 5824625038403015870

620 CowFu the Digger (level 7, -3/40 HPs)
             Began as a Deep Elf Earth Elementalist on Oct 16, 2023.
             Was a Follower of Vehumet.
             Slain by an iguana (13 damage)
             ... on level 5 of the Dungeon.
             The game lasted 00:05:10 (4185 turns).

CowFu the Digger (Deep Elf Earth Elementalist)      Turns: 4185, Time: 00:05:11

Health: -3/40      AC:  5    Str:  5    XL:     7   Next: 22%
Magic:  11/16      EV: 12    Int: 22    God:    Vehumet [*.....]
Gold:   1          SH:  0    Dex: 15    Spells: 9/15 levels left

rFire   . . .        a - +1 long sword (flame)
rCold   . . .        (no shield)
rNeg    . . .        h - +0 robe
rPois   .            d - +2 hat
rElec   .            u - scarf {+Inv}
rCorr   .            (no gloves)
SInv    .            e - +0 pair of boots
Will    .....        (no amulet)
Stlth   ++           (no ring)
HPRegen 0.26/turn    (no ring)
MPRegen 0.15/turn

%: no passive effects
@: no status effects
A: no striking features
a: Renounce Religion, Evoke Invisibility


You were on level 5 of the Dungeon.
You worshipped Vehumet.
Vehumet was aware of your devotion.
You visited 1 branch of the dungeon, and saw 5 of its levels.

You collected 177 gold pieces.
You spent 176 gold pieces at shops.

Inventory:

Hand Weapons
 a - a +1 long sword of flaming (weapon)
 i - a +1 dagger of venom
Armour
 d - a +2 hat (worn)
 e - a +0 pair of boots (worn)
 h - a +0 robe (worn)
 u - a scarf of invisibility (worn)
Jewellery
 c - a +5 ring of evasion
 p - an amulet of faith
Wands
 g - a wand of paralysis (19)
Scrolls
 l - 2 scrolls of amnesia {unknown}
 m - 4 scrolls of identify {unknown}
 o - a scroll of teleportation {unknown}
 q - a scroll of acquirement {unknown}
 r - a scroll of fog {unknown}
 v - a scroll of fear {unknown}
Potions
 b - a potion of magic
 k - 2 potions of heal wounds
 n - a potion of ambrosia {unknown}
 s - 2 potions of curing
 t - a potion of enlightenment


   Skills:
 + Level 2.1 Fighting
 - Level 2.4 Dodging
 - Level 2.4 Stealth
 + Level 4.8 Spellcasting
 + Level 3.0 Conjurations
 - Level 4.0 Transmutations
 - Level 6.0 Earth Magic


You had 9 spell levels left.
You knew the following spells:

 Your Spells              Type           Power      Damage    Failure   Level
a - Sandblast             Erth           62%        2d14      1%          1
b - Passwall              Tmut/Erth      22%        N/A       1%          2
c - Stone Arrow           Conj/Erth      50%        3d10      4%          3

Your spell library contained the following spells:

 Spells                   Type           Power      Damage    Failure   Level
 Shock                    Conj/Air       48%        1d6       5%          1
 Petrify                  Tmut/Erth      27%        N/A       13%         4
 Blink                    Tloc           10%        N/A       16%         2
 Brom's Barrelling Bould  Conj/Erth      25%        2d5       16%         4
 Gell's Gravitas          Tloc           5%         N/A       30%         3
 Teleport Other           Tloc           5%         N/A       30%         3
 Manifold Assault         Tloc           5%         N/A       71%         4
 Dispersal                Tloc           2%         N/A       100%        6


Dungeon Overview and Level Annotations

Branches:
Dungeon (5/15)             Temple (0/1) D:5

Altars:
Fedhas
Vehumet

Shops:
D:4 (   D:5 !

Annotations:
D:2 Sigmund


Message History

The hound bites you.
The blast of sand hits the hound.
The hound is heavily wounded.
The hound closely misses you.
The hound pauses to sniff the ground.
The hound closely misses you. The hound completely misses you.
The blast of sand hits the hound!!
You kill the hound!
Vehumet accepts your kill. The ogre closely misses you. The iguana bites you.
Your Conjurations skill increases to level 3!
The blast of sand hits the iguana!
The iguana is severely wounded.
The ogre hits you with a +0 giant club!!
The iguana closely misses you.
The blast of sand misses the iguana.
The ogre closely misses you. The iguana bites you.
The iguana closely misses you.
You are too injured to fight recklessly!
You are too injured to fight recklessly!
You are too injured to fight recklessly!
You are too injured to fight recklessly!
The ogre attacks as it pursues you! The ogre barely misses you.
As you read the scroll labelled JIAQAE ANEU, it crumbles to dust.
Your body is wracked with pain!
* * * LOW HITPOINT WARNING * * *
The ogre convulses!
The iguana convulses!
It was a scroll of torment.
The iguana closely misses you. The ogre barely misses you.
The air fills with toxic fumes!
As you read the scroll labelled TOSIWY FUNATRO, it crumbles to dust.
It was a scroll of poison.
The iguana bites you but does no damage.
Casting: Sandblast (safe; 1% risk of failure)
Confirm with . or Enter, or press ? or * to list all spells.
Aiming: Sandblast (safe; 1% risk of failure)
Press: ? - help, Shift-Dir - straight line, f - ogre, p - iguana
Aim: an ogre, wielding a +0 giant club (heavily wounded, 92% to hit)
The blast of sand hits the ogre!
The ogre is almost dead.
The ogre misses you. The iguana bites you!
You die...

#.#
.........###......#
#.#
###.§§§§§§§§§####.#
#.# #(§§§§§§§§§#
#.# #..
...)§§§§§§§§§# #.#
###
###.§§§§§§§§§####§#
...
...§§§§§§§§§##§§§#
...
.####§§§§§§§§§§§§.#
... #§§§§§§§§§#.#.#
... #§§§§§§@§§#.#.#
### #§§§§§lO§§#.#.#
#§§§§§§§§§#.#.#
#§§§§§§§§§#.#.#
#§§§§§§§§§#....
#§§§§§§§§§#.#
#§§§§§§§§§§
#§§§§§§§§§#§
#........#...


You could see an ogre and an iguana.

Vanquished Creatures
  An ice beast (D:5)
  A sky beast (D:5)
  A centaur (D:5)
  A bullfrog (D:5)
  3 hounds (D:5)
  An iguana (D:5)
  An orc wizard (D:3)
  4 gnolls (D:3)
  3 adders (D:3)
  A shadow imp (D:5)
  A dart slug (D:1)
  11 orcs
  4 ball pythons
  3 bats
  6 endoplasms
  A giant cockroach (D:1)
  7 goblins
  4 hobgoblins (D:1)
  3 quokkas
  2 frilled lizards (D:1)
  7 kobolds
  7 rats
73 creatures vanquished.

Notes
Turn   | Place    | Note
-------+----------+-------------------------------------------
     0 | D:1      | CowFu the Deep Elf Earth Elementalist began the quest for
                  | the Orb.
     0 | D:1      | Reached XP level 1. HP: 10/10 MP: 6/6
   155 | D:1      | Reached XP level 2. HP: 15/15 MP: 4/8
   765 | D:1      | Reached skill level 4 in Earth Magic
   936 | D:1      | Reached XP level 3. HP: 19/19 MP: 7/9
  1050 | D:1      | Learned a level 2 spell: Passwall
  1054 | D:1      | Learned a level 3 spell: Stone Arrow
  1254 | D:2      | Found a radiant altar of Vehumet.
  1590 | D:2      | Noticed Sigmund
  1644 | D:2      | Became a worshipper of Vehumet
  1762 | D:3      | Reached XP level 4. HP: 12/24 MP: 2/10
  2136 | D:3      | Found a faded altar of an unknown god.
  2463 | D:3      | Reached skill level 5 in Earth Magic
  2505 | D:3      | Reached XP level 5. HP: 28/28 MP: 7/11
  2790 | D:4      | Found a blossoming altar of Fedhas.
  2976 | D:4      | Found Eggowit's Antique Weapon Shop.
  2995 | D:4      | Reached * piety under Vehumet
  2995 | D:4      | Offered knowledge of Shock by Vehumet.
  3420 | D:5      | Entered Level 5 of the Dungeon
  3586 | D:5      | Reached skill level 1 in Conjurations
  3639 | D:5      | Noticed an ice beast
  3648 | D:5      | Killed an ice beast
  3649 | D:5      | Reached skill level 1 in Fighting
  3649 | D:5      | Reached XP level 6. HP: 34/34 MP: 8/13
  3722 | D:5      | Noticed a sky beast
  3731 | D:5      | Killed a sky beast
  3976 | D:5      | Found Fuoxanog's Distillery.
  3980 | D:5      | Reached XP level 7. HP: 36/39 MP: 11/15
  4010 | D:5      | Bought a potion of curing for 33 gold pieces
  4010 | D:5      | Bought a potion of enlightenment for 55 gold pieces
  4010 | D:5      | Bought a potion of curing for 33 gold pieces
  4010 | D:5      | Bought a potion of heal wounds for 55 gold pieces
  4034 | D:5      | Found a staircase to the Ecumenical Temple.
  4127 | D:5      | Reached skill level 6 in Earth Magic
  4185 | D:5      | Slain by an iguana

Illustrated notes

Levels and vault maps discovered:
D:1:      dpeg_arrival_morbid_curiosity, layout_rooms, minmay_curled_crystal,
          minmay_close_crescents
D:2:      layout_loops_cross, basic_altar, uniq_sigmund
D:3:      layout_loops_corners, shapermc_ecumenical_altar_pompeii
D:4:      layout_loops_ring, fedhas_altar_2, serial_shops, shop
D:5:      layout_basic, nicolae_ru_awakened_eye, minmay_temple_entry_slanted,
          serial_shops, nicolae_shop_industrial_runoff,
          dreamdust_princess_bridge, supply_closet_lemuel,
          minmay_misc_feat_square

Skill      XL: |  1  2  3  4  5  6  7 |
---------------+----------------------+-----
Transmutations | 2 3 4 |  4.0
Earth Magic    | 4 5 6 |  6.0
Conjurations   | 1 2 3 |  3.0
Fighting       | 1 2 |  2.1
Spellcasting   | 4 |  4.8
Dodging        | |  2.4
Stealth        | |  2.4

Action                     |  1- 3 |  4- 6 |  7- 9 || total
---------------------------+-------+-------+-------++-------
  Melee: Long sword        |       |     1 |       ||     1
   Cast: Sandblast         |    47 |    63 |    10 ||   120
    Use: Scroll            |       |       |     2 ||     2
 Armour: Robe              |     5 |    14 |     8 ||    27
  Dodge: Dodged            |     8 |    21 |    11 ||    40

Table legend: (Time is in decaauts)
 A = Elapsed time spent in this place.
 B = Non-inter-level travel time spent in this place.
 C = Inter-level travel time spent in this place.
 D = Time resting spent in this place.
 E = Time spent auto-exploring this place.
 F = Levels seen in this place.
 G = Mean time per level.
                   A        B        C        D        E       F      G
               +--------+--------+--------+--------+--------+-----+--------+
         Total |   4245 |   3985 |    260 |      0 |   3463 |   5 |  849.0 |
       Dungeon |   4245 |   3985 |    260 |      0 |   3463 |   5 |  849.0 |
               +--------+--------+--------+--------+--------+-----+--------+

Top non-repeatable levels by time:
     D:3: 1139 daAuts
     D:1: 1124 daAuts
     D:5: 785 daAuts
     D:4: 634 daAuts
     D:2: 561 daAuts
